 Dungeon Crawl Stone Soup version 0.25-a0-1056-g2efb326896 (webtiles) character file.

Game seed: 13493298842981478838, levelgen mode: deterministic

200 Lavandula the Gusty (level 5, -4/28 HPs)
             Began as a Tengu Air Elementalist on May 13, 2020.
             Killed from afar by Dowan (8 damage)
             ... with a puff of flame
             ... on level 4 of the Dungeon.
             The game lasted 00:07:52 (2190 turns).

Lavandula the Gusty (Tengu Air Elementalist)        Turns: 2190, Time: 00:07:52

Health: -4/28      AC:  2    Str:  8    XL:     5   Next: 78%
Magic:  10/10      EV: 15    Int: 23    God:
Gold:   95         SH:  0    Dex: 14    Spells: 5/9 levels left

rFire    . . .     SeeInvis .   e - +1 dagger (venom)
rCold    . . .     Gourm    .   (no shield)
rNeg     . . .     Faith    .   a - +0 robe
rPois    .         Spirit   .   (helmet restricted)
rElec    .         Reflect  .   (no cloak)
rCorr    .         Harm     .   (no gloves)
MR       .....                  (boots unavailable)
Stlth    ++........             (no amulet)
HPRegen  0.09/turn              j - +6 ring of intelligence
MPRegen  0.12/turn              l - -3 ring of slaying (curse)

@: flying quickly and evasively, quick
A: beak, talons 3, able to fly
a: Stop Flying


You were on level 4 of the Dungeon.
You were not hungry.

You visited 1 branch of the dungeon, and saw 4 of its levels.

You collected 95 gold pieces.

Inventory:

Hand Weapons
 b - a +0 dagger
 e - a +1 dagger of venom (weapon)
Missiles
 f - 2 javelins
 i - 15 poisoned darts (quivered)
Armour
 a - a +0 robe (worn)
Jewellery
 j - a +6 ring of intelligence (left hand)
 l - a cursed -3 ring of slaying (right hand)
Scrolls
 d - a scroll of teleportation
 h - a scroll of amnesia
 n - 3 scrolls of fog {unknown}
 o - a scroll of fear {unknown}
 p - a scroll of enchant armour {unknown}
Potions
 g - a potion of ambrosia
 k - a potion of curing {unknown}
 m - a potion of brilliance {unknown}
Comestibles
 c - 3 rations


   Skills:
 - Level 2.1 Dodging
 - Level 2.0 Stealth
 + Level 2.9 Spellcasting
 - Level 1.3 Conjurations
 - Level 7.6 Air Magic


You had 5 spell levels left.
You knew the following spells:

 Your Spells              Type           Power        Failure   Level  Hunger
a - Shock                 Conj/Air       ###.         1%          1    None
b - Static Discharge      Conj/Air       ###.....     5%          3    ###....

Your spell library contained the following spells:

 Spells                   Type           Power        Failure   Level  Hunger
 Swiftness                Chrm/Air       ###.....     3%          2    ##.....
 Airstrike                Air            #####.....   4%          4    ####...
 Lightning Bolt           Conj/Air       ###.......   45%         5    ######.


Dungeon Overview and Level Annotations

Branches:
Dungeon (4/15)
 Temple: D:4-7

Altars:
Yredelemnul

Annotations:
D:4 Dowan, Duvessa


Innate Abilities, Weirdness & Mutations

You have a beak for a mouth.
You have claws for feet.
You can fly continuously.


Message History

You see here a stone.
As you read the scroll of teleportation, it crumbles to dust.
You feel strangely unstable.
Unknown command.
Duvessa throws a stone.
The stone misses you.
Unknown command.
Unknown command.
Your surroundings suddenly seem different.
Dowan shouts!
An ooze comes into view.
The ooze quivers.
Unknown command.
Duvessa throws a stone.
The stone hits you.
* * * LOW HITPOINT WARNING * * *
There is a stone staircase leading up here.
You see here a stone.
Unknown command.
Dowan gestures at you while chanting. The puff of flame hits you!
You die...

..### .. ..#..
..##. .....# .....
#....###......
##......#......
##.......#......
.........(......
........(#
......J@.#
...#.#...## .
#......#
####.....## ..
##.(.e.....####..
##..e....#......?.
##.....(...........
#.....#(...#.......
#..(#......#......^


You could see Duvessa (fast, poisoned), Dowan and an ooze.

Vanquished Creatures
  A scorpion (D:2)
  2 worker ants (D:4)
  3 gnolls (D:2)
  An adder (D:2)
  3 worms (D:2)
  3 dart slugs
  3 leopard geckos
  2 orcs (D:4)
  2 giant cockroaches
  7 goblins
  4 hobgoblins
  4 jackals (D:4)
  3 bats (D:2)
  2 frilled lizards
  7 kobolds
  3 rats (D:2)
  A spectral orc (D:2)
51 creatures vanquished.

Notes
Turn   | Place    | Note
-------+----------+-------------------------------------------
     0 | D:1      | Lavandula the Tengu Air Elementalist began the quest for
                  | the Orb.
     0 | D:1      | Reached XP level 1. HP: 10/10 MP: 4/4
   133 | D:1      | Reached XP level 2. HP: 13/15 MP: 1/6
   150 | D:2      | Reached skill level 5 in Air Magic
   389 | D:1      | Reached XP level 3. HP: 19/19 MP: 2/7
   394 | D:1      | Learned a level 3 spell: Static Discharge
   693 | D:2      | Found a basalt altar of Yredelemnul.
   763 | D:2      | Reached skill level 6 in Air Magic
   797 | D:2      | Reached XP level 4. HP: 24/24 MP: 5/8
  1173 | D:2      | Reached skill level 7 in Air Magic
  1173 | D:2      | Gained mutation: You can fly continuously. [Tengu growth]
  1173 | D:2      | Reached XP level 5. HP: 11/28 MP: 2/9
  2168 | D:4      | Noticed Duvessa
  2184 | D:4      | Noticed Dowan
  2190 | D:4      | Killed from afar by Dowan

Illustrated notes

Levels and vault maps discovered:
D:1:      matt_arrival_los_fun, layout_rooms, minmay_nonomino_d4
D:2:      layout_loops_cross, yredelemnul_forgotten_temple_becter
D:3:      layout_loops_corners, chequers_ecumenical_altar_grove
D:4:      layout_cave_pools, uniq_robin, uniq_duvessa

Skill      XL: |  1  2  3  4 |
---------------+-------------+-----
Air Magic      | 5 6 7 |  7.6
Dodging        | |  2.1
Stealth        | |  2.0
Spellcasting   | |  2.9
Conjurations   | |  1.3

Action                   |  1- 3 |  4- 6 || total
-------------------------+-------+-------++-------
Melee: Dagger            |    17 |    41 ||    58
       Peck              |     2 |     6 ||     8
       Kick              |     3 |     8 ||    11
Throw: Dart              |     4 |    27 ||    31
 Cast: Shock             |    45 |    20 ||    65
       Static Discharge  |       |     2 ||     2
 Abil: Fly               |       |     1 ||     1
  Use: Scroll            |       |     4 ||     4
 Stab: Sleeping          |       |     3 ||     3
  Eat: Chunk             |       |     5 ||     5
Armor: Robe              |     5 |     3 ||     8
Dodge: Dodged            |    26 |    33 ||    59

Table legend:
 A = Non-vault XP
 B = Vault XP
 C = Vault XP percentage of total XP
 D = Non-vault monster count
 E = Vault monster count
 F = Vault count percentage of total count
                 A         B        C        D         E       F
            +---------+---------+-------+---------+---------+-------
      Total |     276 |      10 |   3.5 |      45 |       6 |  11.8
            +---------+---------+-------+---------+---------+-------
        D:1 |      22 |       8 |  26.7 |      12 |       4 |  25.0
        D:2 |     170 |       2 |   1.2 |      24 |       2 |   7.7
        D:4 |      84 |       0 |   0.0 |       9 |       0 |   0.0
            +---------+---------+-------+---------+---------+-------
